 Dungeon Crawl Stone Soup version 0.23.2-1-ga50397a (webtiles) character file.

Game seed: 15679924805546109948

38915 Deszczu the Fighter (level 13, 0/125 HPs)
             Began as a Minotaur Fighter on May 31, 2019.
             Was a High Priest of Trog.
             Slain by a spriggan rider
             ... wielding a +4 spear
              (6 damage)
             ... on level 2 of the Swamp.
             The game lasted 01:12:24 (19983 turns).

Deszczu the Fighter (Minotaur Fighter)             Turns: 19983, Time: 01:12:25

Health: 0/125      AC: 26    Str: 29    XL:     13   Next: 66%
Magic:  12/12      EV:  9    Int:  5    God:    Trog [*****.]
Gold:   775        SH: 20    Dex: 17    Spells: 12/12 levels left

rFire    . . .     SeeInvis .   B - +8 spear (venom)
rCold    . . .     Gourm    .   c - +5 shield
rNeg     . . .     Faith    .   y - +1 chain mail {rPois}
rPois    +         Spirit   .   F - +2 hat
rElec    .         Reflect  .   v - +2 cloak
rCorr    .         Harm     .   M - +2 pair of gloves
MR       .....                  (no boots)
Stlth    ..........             (no amulet)
HPRegen  0.30/turn              C - +3 ring of dexterity
MPRegen  0.13/turn              x - +3 ring of protection

@: mighty, berserk cooldown, slowed, very slow
A: retaliatory headbutt, horns 2, thin skeletal structure 1, blurry vision 1
a: Berserk, Trog's Hand, Brothers in Arms, Renounce Religion


You were on level 2 of the Swamp.
You worshipped Trog.
Trog was extremely pleased with you.
You were very hungry.

You visited 4 branches of the dungeon, and saw 17 of its levels.
You also visited: Sewer and Bailey.

You collected 775 gold pieces.

Inventory:

Hand Weapons
 m - a +1 vampiric trident
 B - a +8 spear of venom (weapon)
 Q - a +1 antimagic great mace
Armour
 c - a +5 shield (worn)
 v - a +2 cloak (worn)
 y - a +1 chain mail of poison resistance (worn)
 F - a +2 hat (worn)
 M - a +2 pair of gloves (worn)
Jewellery
 x - a +3 ring of protection (right hand)
 C - a +3 ring of dexterity (left hand)
 G - an uncursed ring of magical power {unknown}
 J - an uncursed ring of ice
Wands
 i - a wand of random effects (31)
 n - a wand of disintegration (33)
 H - a wand of digging (13)
 L - a wand of enslavement (2)
 O - a wand of acid (6)
 R - a wand of polymorph (11)
Scrolls
 a - a scroll of silence {unknown}
 p - 3 scrolls of fog
 q - 6 scrolls of magic mapping
 t - 4 scrolls of teleportation
 w - 2 scrolls of enchant armour
 D - a scroll of acquirement {unknown}
 E - 3 scrolls of remove curse
 I - 3 scrolls of blinking
 K - a scroll of noise {unknown}
 N - 2 scrolls of fear {unknown}
Potions
 b - 3 potions of haste
 e - 4 potions of brilliance
 g - 13 potions of curing
 j - a potion of magic
 k - a potion of agility
 o - a potion of flight {unknown}
 r - 6 potions of lignification
 z - 2 potions of ambrosia {unknown}
 A - a potion of cancellation
Miscellaneous
 u - a lamp of fire
Comestibles
 f - 31 rations


   Skills:
 + Level 14.6 Fighting
 - Level 12.4 Polearms
 + Level 14.6 Armour
 + Level 14.6 Shields


You had 12 spell levels left.
You didn't know any spells.
Your spell library was empty.

Dungeon Overview and Level Annotations

Branches:
Dungeon (10/15)            Temple (1/1) D:5            Lair (4/6) D:10
  Swamp (2/4) Lair:4       Spider (0/4) Lair:4
    Orc: D:9-12

Altars:
Ashenzari
Cheibriados
Dithmenos
Elyvilon
Fedhas
Gozag
Hepliaklqana
Kikubaaqudgha
Makhleb
Nemelex Xobeh
Okawaru
Qazlal
Ru
Sif Muna
Trog
Uskayaw
Vehumet
Wu Jian
Xom
Yredelemnul
Zin
The Shining One

Shops:
D:10 (

Annotations:
D:9 2 transporters, Frank's ghost, journeyman OpFi
Lair:1 exclusion: 3 oklob plants


Innate Abilities, Weirdness & Mutations

You reflexively headbutt those who attack you in melee.
You have a pair of horns on your head.
You have a somewhat thin skeletal structure. (Dex +2, Stealth)
Scrolls take you a little longer to read.


Message History

The hornet stings you.
* * * LOW HITPOINT WARNING * * *
You block the spriggan rider's attack.
You puncture the hornet!
The hornet is poisoned.
You headbutt the hornet!
You kill the hornet!
Trog accepts your kill. You block the hornet's attack.
You block the shambling mangrove's attack.
The grasping roots constrict you. You block the hornet's attack.
You escape the roots' grasp.
Your skin stops crawling.
You feel less resistant to hostile enchantments.
The hornet stings you!
* * * LOW HITPOINT WARNING * * *
You feel as though you will be slow longer.
You block the hornet's attack.
The spriggan rider hits you but does no damage.
You block the hornet's attack. x2
The spriggan rider hits you from afar with a +4 spear.
You die...

.♣.≈≈≈≈≈≈.
≈≈≈≈≈>≈≈♣
.≈≈≈.≈≈≈
♣♣≈.≈..≈
♣.≈≈≈≈.♣
♣...w.
♣w.i♣
♣.yf♣♣
♣.y@.♣
♣.≈.♣♣
♣≈≈.♣
♣..≈♣
♣.≈.♣
♣.≈≈♣
♣.≈.♣
♣♣..♣ ♣..♣


You could see a shambling mangrove, 2 tyrant leeches, a spriggan rider and 2
hornets.

Vanquished Creatures
  Gastronok (D:10)
  Erolcha (D:10)
  Fannar (Lair:2)
  Harold (Lair:2)
  4 hydras
  A shambling mangrove (Swamp:1)
  5 alligators
  Nergalle (Lair:3)
  5 swamp dragons
  Pikel (D:9)
  An ugly thing (D:8)
  3 black mambas
  11 spiny frogs
  A gargoyle (D:8)
  A komodo dragon (shapeshifter) (D:8)
  9 komodo dragons
  A troll (D:8)
  5 hornets (Swamp:2)
  8 tyrant leeches
  3 hippogriffs
  2 bog bodies
  12 blink frogs
  A redback (Lair:4)
  3 spriggans (Swamp:2)
  A shadow (Swamp:1)
  3 hogs (D:7)
  A vampire (D:7)
  10 yaks
  2 wyverns
  A basilisk (Lair:3)
  A hungry ghost (D:8)
  A human (D:7)
  10 vampire mosquitoes
  3 swamp worms
  Duvessa (D:6)
  8 water moccasins
  6 porcupines
  5 orc warriors
  3 sky beasts
  A swamp drake (Swamp:1)
  4 ice beasts
  A phantom (D:6)
  2 black bears
  3 centaurs
  4 ogres
  4 crocodiles
  A big kobold (D:8)
  7 bullfrogs
  Dowan (D:6)
  6 scorpions
  5 killer bees
  4 wights (D:10)
  An electric eel (Lair:3)
  A crimson imp (D:8)
  2 bullfrog zombies
  2 jellies
  7 hounds
  4 orc priests
  A bullfrog skeleton (D:4)
  2 centaur skeletons
  3 iguanas
  3 orc wizards
  2 worker ants
  A hound skeleton (D:9)
  A howler monkey zombie (D:8)
  2 worker ant zombies
  8 gnolls
  25 adders
  6 river rats (Sewer)
  A shadow imp (D:6)
  2 oozes (Sewer)
  5 worms
  A dart slug (D:1)
  4 leopard geckos
  20 orcs
  8 bats
  8 giant cockroaches
  6 goblins
  6 hobgoblins
  14 jackals
  17 kobolds
  5 quokkas
  9 ball pythons (Sewer)
  5 frilled lizards
  A jackal skeleton (D:7)
  A quokka skeleton (D:8)
  A quokka zombie (D:6)
  25 rats
  A fungus (Lair:1)
  A plant (Lair:2)
393 creatures vanquished.

Vanquished Creatures (collateral kills)
  A ghost crab (Swamp:1)
1 creature vanquished.

Vanquished Creatures (others)
  A tyrant leech (Swamp:1)
  A jelly (D:9)
  4 plants (Lair:1)
6 creatures vanquished.

Grand Total: 400 creatures vanquished

Notes
Turn   | Place    | Note
-------+----------+-------------------------------------------
     0 | D:1      | Deszczu the Minotaur Fighter began the quest for the Orb.
     0 | D:1      | Reached XP level 1. HP: 19/19 MP: 0/0
   311 | D:1      | Reached XP level 2. HP: 26/27 MP: 1/1
   862 | D:2      | Found a bloodstained altar of Trog.
   869 | D:2      | Became a worshipper of Trog the Wrathful
   895 | D:2      | Reached XP level 3. HP: 32/33 MP: 2/2
  1399 | D:2      | Reached XP level 4. HP: 11/41 MP: 3/3
  2204 | D:3      | Reached * piety under Trog
  2441 | D:3      | Reached XP level 5. HP: 43/47 MP: 4/4
  2644 | D:4      | Reached skill level 5 in Fighting
  2644 | D:4      | Reached skill level 5 in Shields
  2649 | D:4      | Reached skill level 5 in Armour
  2695 | D:4      | Found a radiant altar of Vehumet.
  2699 | D:4      | Found a glowing drain.
  2719 | Sewer    | Entered a sewer
  2742 | Sewer    | Reached XP level 6. HP: 55/56 MP: 5/5
  2826 | Sewer    | Reached ** piety under Trog
  3424 | Sewer    | Reached skill level 5 in Polearms
  3424 | Sewer    | Reached XP level 7. HP: 34/62 MP: 6/6
  3796 | D:4      | Reached *** piety under Trog
  4034 | D:4      | Found a shattered altar of Ashenzari.
  4034 | D:4      | Found an opulent altar of Gozag.
  4147 | D:4      | Found a blossoming altar of Fedhas.
  4428 | D:5      | Entered Level 5 of the Dungeon
  4447 | D:5      | Found a staircase to the Ecumenical Temple.
  4476 | Temple   | Entered the Ecumenical Temple
  4858 | D:5      | Reached XP level 8. HP: 64/71 MP: 7/7
  5464 | D:6      | Noticed Duvessa
  5466 | D:6      | Noticed Dowan
  5477 | D:6      | Killed Duvessa
  5490 | D:6      | Killed Dowan
  6203 | D:7      | Found a burning altar of Makhleb.
  6278 | D:7      | Reached XP level 9. HP: 19/81 MP: 8/8
  6620 | D:7      | Found a white marble altar of Elyvilon.
  6646 | D:7      | Found a shimmering altar of Xom.
  7018 | D:7      | Reached **** piety under Trog
  8851 | D:8      | Noticed a troll
  8859 | D:8      | Killed a troll
  8859 | D:8      | Reached XP level 10. HP: 70/91 MP: 9/9
  9009 | D:8      | Noticed a gargoyle
  9019 | D:8      | Killed a gargoyle
  9024 | D:8      | Noticed a red ugly thing
  9037 | D:8      | Killed a red ugly thing
  9057 | D:8      | Got a transparent robe
  9069 | D:8      | Identified the +2 robe of an ice cave {rC+ rN+ Int+3 Dex-4}
                  | (You found it on level 8 of the Dungeon)
  9539 | D:8      | Got a polished helmet
  9646 | D:8      | Reached skill level 10 in Fighting
  9651 | D:8      | Reached skill level 10 in Armour
 10079 | D:9      | Reached skill level 10 in Shields
 10133 | D:9      | Found a transporter.
 10135 | D:9      | Noticed a two-headed ogre
 10135 | D:9      | Noticed Frank's ghost (journeyman OpFi)
 10135 | D:9      | Noticed a moth of wrath
 10135 | D:9      | Identified the +5 quarterstaff of Efemouj {chaos, *Noise
                  | +Rage Str+3}
 10135 | D:9      | Noticed a tengu warrior
 10138 | D:9      | Noticed a two-headed ogre
 10139 | D:9      | Found a bloodstained altar of Trog.
 10163 | D:9      | Found a transporter.
 10397 | D:9      | Reached ***** piety under Trog
 10454 | D:9      | Noticed Pikel
 10467 | D:9      | Killed Pikel
 10467 | D:9      | Reached skill level 10 in Polearms
 10691 | D:10     | Entered Level 10 of the Dungeon
 10728 | D:10     | Found a flagged portal.
 10737 | Bailey   | Entered a bailey
 10902 | D:10     | Noticed Erolcha
 10920 | D:10     | Killed Erolcha
 10953 | D:10     | Reached XP level 11. HP: 54/101 MP: 10/10
 11557 | D:10     | Found a staircase to the Lair.
 11612 | D:10     | Noticed Gastronok
 11629 | D:10     | Killed Gastronok
 11901 | D:10     | Found Huaxt's Antique Weapon Emporium.
 12108 | Lair:1   | Entered Level 1 of the Lair of Beasts
 12736 | Lair:1   | Received a gift from Trog
 13131 | Lair:1   | Noticed an oklob plant
 13131 | Lair:1   | Noticed an oklob plant
 13131 | Lair:1   | Noticed an oklob plant
 13469 | Lair:2   | Reached XP level 12. HP: 87/112 MP: 11/11
 13541 | Lair:2   | Noticed Fannar
 13563 | Lair:2   | Killed Fannar
 13635 | Lair:2   | Noticed Harold
 13656 | Lair:2   | Killed Harold
 13780 | Lair:2   | Noticed a six-headed hydra
 13791 | Lair:2   | Killed a six-headed hydra
 15090 | Lair:3   | Noticed Nergalle
 15109 | Lair:3   | Killed Nergalle
 15599 | Lair:4   | Noticed a four-headed hydra
 15612 | Lair:3   | Killed a four-headed hydra
 16025 | Lair:4   | Found an opulent altar of Gozag.
 16201 | Lair:4   | Found a staircase to the Swamp.
 16315 | Lair:4   | Found a hole to the Spider Nest.
 17120 | Swamp:1  | Entered Level 1 of the Swamp
 17122 | Swamp:1  | Noticed an alligator
 17122 | Swamp:1  | Noticed an alligator
 17132 | Swamp:1  | Killed an alligator
 17138 | Swamp:1  | Killed an alligator
 17311 | Swamp:1  | Reached XP level 13. HP: 122/122 MP: 12/12
 18668 | Swamp:1  | Gained mutation: You have a somewhat thin skeletal
                  | structure. (Dex +2, Stealth) [mutagenic glow]
 18715 | Swamp:1  | Gained mutation: Scrolls take you a little longer to read.
                  | [mutagenic glow]
 19635 | Swamp:2  | Received a gift from Trog
 19977 | Swamp:2  | HP: 6/125 [spriggan rider/+4 spear (18)]
 19983 | Swamp:2  | HP: 6/125 [hornet[a shambling mangrove] (7)]
 19983 | Swamp:2  | Slain by a spriggan rider

Skill      XL: |  1  2  3  4  5  6  7  8  9 10 11 12 13 |
---------------+----------------------------------------+-----
Fighting       | 4 5 6 8 9 10 12 13 14 | 14.6
Armour         | 4 5 6 7 9 10 12 13 14 | 14.6
Shields        | 4 5 6 7 9 10 12 13 14 | 14.6
Polearms       | 3 4 5 6 7 9 10 11 12 | 12.4

Action                   |  1- 3 |  4- 6 |  7- 9 | 10-12 | 13-15 || total
-------------------------+-------+-------+-------+-------+-------++-------
Melee: Trident           |   110 |   290 |   434 |   434 |       ||  1268
       Headbutt          |    14 |    37 |    89 |   245 |    88 ||   473
       Spear             |       |       |       |   395 |   287 ||   682
Invok: Berserk           |       |     1 |     1 |     3 |     4 ||     9
       Trog's Hand       |       |       |     1 |       |     2 ||     3
       Brothers in Arms  |       |       |       |       |     1 ||     1
  Use: Scroll            |       |     6 |    10 |     2 |    11 ||    29
       Potion            |       |       |       |     3 |     4 ||     7
  Eat: Chunk             |     2 |     7 |     9 |    22 |     6 ||    46
       Ration            |       |       |     3 |     3 |     2 ||     8
Armor: Scale mail        |    52 |     7 |       |       |       ||    59
       Plate armour      |       |   211 |   252 |     7 |       ||   470
       Chain mail        |       |       |       |   229 |    94 ||   323
Dodge: Dodged            |    21 |    57 |    75 |   126 |    41 ||   320
Block: Shield            |    44 |   232 |   270 |   414 |   199 ||  1159
